St.Louis Blues vs Colorado Rockies (R1)

Created - Friday, September 12, 2025 at 07:24

Goals
1 2 3 T
St.Louis Blues 2 0 2 4
Colorado Rockies 0 0 1 1
Shots
1 2 3 T
St.Louis Blues 13 2 10 25
Colorado Rockies 12 5 4 21

1st period

1. St.Louis Blues , Vincent Trocheck 13 (Elias Pettersson 9, Alex Tuch 11) at 0:47
2. St.Louis Blues , Brandon Hagel 13 (Brayden Point 16, Elias Pettersson 10) at 14:57

Penalties :
Evgeny Kuznetsov (COL) for High sticking (Minor) at 9:33, David Pastrnak (COL) for Tripping (Minor) at 15:00

2nd period

No Goal

Penalties :
Tim Stutzle (COL) for Cross-checking (Minor) at 1:14, Victor Hedman (COL) for Cross-checking (Minor) at 2:39, Tim Stutzle (COL) for Tripping (Minor) at 8:31, Tim Stutzle (COL) for Interference (Minor) at 14:12, Logan O'Connor (STL) for Tripping (Minor) at 16:34, Vincent Trocheck (STL) for Interference (Minor) at 17:54

3rd period

3. St.Louis Blues , Jack Eichel 17 (Robert Thomas 32) at 1:00 (PP)
4. Colorado Rockies , Kevin Hayes 2 (Nick Schmaltz 9, Michael Bunting 8) at 1:59
5. St.Louis Blues , Robert Thomas 16 (Jack Eichel 20) at 15:12

Penalties :
Evgeny Kuznetsov (COL) for Roughing (Minor) at 0:55, Artem Zub (STL) for Cross-checking (Minor) at 3:00, Nikita Kucherov (COL) for Abuse of Officials (Major / Game Misconduct) at 6:11

Goalie Stats

Connor Hellebuyck (STL), 20 saves from 21 shots - (0.952), W, 16-7-2, 60:00 minutes
Joey Daccord (COL), 21 saves from 25 shots - (0.840), L, 5-6-3, 60:00 minutes

Players Stats for St.Louis Blues

Player Name              G  A  P  +/- PIM S  H  SB GA TA FO     MP     PP MP  PK MP  
------------------------------------------------------------------------------------
Adam Pelech              0  0  0   1  0   2  0  1  0  0  0/0     8:35   0:00   0:00 
Alex Tuch                0  1  1   1  0   2  0  0  0  0  1/1    15:34   6:56   0:00 
Artem Zub                0  0  0   0  2   0  2  0  0  0  0/0    16:11   1:52   1:34 
Brandon Hagel            1  0  1   0  0   4  0  0  0  1  1/1    18:09   6:56   0:00 
Brayden Point            0  1  1   0  0   1  2  0  0  0  6/10   20:01   8:19   0:00 
Connor Clifton           0  0  0   1  0   0  1  2  0  0  0/0    11:57   0:00   2:24 
Elias Pettersson         0  2  2   1  0   1  2  0  3  0  0/0    11:13   1:19   0:57 
Isac Lundestrom          0  0  0   0  0   1  0  1  1  0  6/7    11:07   1:19   2:26 
Jaccob Slavin            0  0  0   1  0   1  2  2  0  0  0/0    20:07   0:57   3:05 
Jack Eichel              1  1  2   1  0   3  2  1  2  1  2/3    19:47   8:09   1:05 
Jake Guentzel            0  0  0   1  0   0  1  0  1  0  1/1    18:29   8:09   0:00 
Jake Sanderson           0  0  0   0  0   1  0  1  0  1  0/0    25:12   9:14   2:54 
Joona Koppanen           0  0  0   0  0   0  0  0  0  1  0/0    10:25   0:00   2:16 
Logan O'Connor           0  0  0   0  2   1  0  1  0  0  1/1    10:19   1:06   1:42 
Mark Stone               0  0  0   0  0   2  0  0  0  0  0/1    17:58   6:13   0:00 
Mikhail Sergachev        0  0  0   1  0   1  1  2  1  0  0/0    22:46   6:26   0:39 
Robert Thomas            1  1  2   1  0   3  1  0  2  0  18/23  18:36   8:09   0:00 
Vincent Trocheck         1  0  1   1  2   2  2  0  0  0  4/7    17:34   6:56   1:30 

Players Stats for Colorado Rockies

Player Name              G  A  P  +/- PIM S  H  SB GA TA FO     MP     PP MP  PK MP  
------------------------------------------------------------------------------------
Andrew Peeke             0  0  0  -2  0   1  1  0  0  1  0/0    21:23   2:36   6:52 
David Pastrnak           0  0  0  -1  2   4  1  0  1  1  1/3    19:36   2:46   6:18 
Evgeny Kuznetsov         0  0  0   0  4   0  0  0  0  0  2/10    9:54   0:00   0:00 
Jesper Bratt             0  0  0  -1  0   1  1  0  0  0  0/0    14:47   2:46   1:28 
Kevin Hayes              1  0  1  -1  0   1  1  0  0  0  0/0     9:39   0:00   0:00 
Kyle Connor              0  0  0   0  0   0  2  0  0  0  0/2    17:23   2:32   6:19 
Kyle Palmieri            0  0  0  -1  0   0  1  4  0  1  5/15   12:54   2:46   0:00 
Martin Fehervary         0  0  0   0  0   0  1  1  0  1  0/0    26:22   2:42   8:22 
Michael Bunting          0  1  1  -1  0   1  1  0  0  0  0/1    14:28   0:00   4:37 
Nick Bonino              0  0  0   0  0   0  0  0  0  0  0/0     9:51   0:00   0:40 
Nick Schmaltz            0  1  1  -1  0   1  1  1  1  0  2/7    13:31   0:00   3:00 
Nikita Kucherov          0  0  0   0  15  3  1  1  1  0  1/7    15:34   2:32   5:28 
Philipp Kurashev         0  0  0   0  0   3  2  0  1  1  0/0     9:11   0:00   0:00 
Tim Stutzle              0  0  0   0  6   3  1  0  0  0  4/10   15:34   2:32   4:24 
Timothy Liljegren        0  0  0  -2  0   0  0  1  0  0  0/0    20:17   2:36   6:43 
Victor Hedman            0  0  0   0  2   1  3  2  0  0  0/0    24:47   2:42   7:12 
Vince Dunn               0  0  0   0  0   1  0  0  0  1  0/0    13:03   0:00   1:01 
Zach Whitecloud          0  0  0   0  0   1  3  2  0  4  0/0    14:40   0:00   2:37 

3 Stars

1 - Jack Eichel (STL)
2 - Robert Thomas (STL)
3 - Elias Pettersson (STL)

Power Play

St.Louis Blues - 1 on 8 Attempt(s) - 12.50%
Colorado Rockies - 0 on 3 Attempt(s) - 0.00%

Penalty Kill

St.Louis Blues - 3 on 3 Attempt(s) - 100.00% - Score 0 goal in Penalty Kill
Colorado Rockies - 7 on 8 Attempt(s) - 87.50% - Score 0 goal in Penalty Kill

Team Stat

St.Louis Blues - Hits : 16 - Faceoff Wins : 40 - Blocked Shots : 11 - Penalty Minutes : 6
Colorado Rockies - Hits : 20 - Faceoff Wins : 15 - Blocked Shots : 12 - Penalty Minutes : 29

Official

Referees : Justin Kea and Kyle Rehman
Linesman : Steve Barton and Ryan Daisy

Game Notes

Nikita Kucherov (COL) for Abuse of Officials (Major / Game Misconduct) at 6:11
Nikita Kucherov ejected from game at 6:11 of 3rd period
Nikita Kucherov from Colorado Rockies is suspended for 1 game(s)

Finance

Level 1 -- Attendance: 5653 (94.22%) -- Ticket Income $508,770
Level 2 -- Attendance: 4697 (93.94%) -- Ticket Income $258,335
Level 3 -- Attendance: 2165 (72.17%) -- Ticket Income $75,775
Level 4 -- Attendance: 3500 (70.00%) -- Ticket Income $87,500
Luxury Box -- Attendance: 924 (92.40%) -- Ticket Income $161,700
Game was played at the Pepsi Center.
Total Attendance: 16939 (84.70%)
Total Ticket Income: $1,092,080
Other Income: $382,228
Total Income: $1,474,308

St.Louis Blues

5 vs 5 Forward 
   Center                   Left Wing                Right Wing               Time % Phy DF OF 
 1 Robert Thomas            Jack Eichel              Jake Guentzel            35     0   2  3  
 2 Brayden Point            Brandon Hagel            Mark Stone               35     0   2  3  
 3 Vincent Trocheck         Elias Pettersson         Alex Tuch                25     1   2  2  
 4 Isac Lundestrom          Joona Koppanen           Logan O'Connor           5      1   3  1  

5 vs 5 Defense 
   Defense                  Defense                                           Time % Phy DF OF 
 1 Mikhail Sergachev        Jaccob Slavin                                     45     1   2  2  
 2 Jake Sanderson           Artem Zub                                         35     1   2  2  
 3 Adam Pelech              Connor Clifton                                    20     1   3  1  
 4 Mikhail Sergachev        Jaccob Slavin                                     0      1   2  2  

PowerPlay Forward 
   Center                   Left Wing                Right Wing               Time % Phy DF OF 
 1 Robert Thomas            Jack Eichel              Jake Guentzel            60     1   0  4  
 2 Vincent Trocheck         Brandon Hagel            Alex Tuch                40     1   0  4  

PowerPlay Defense
   Defense                  Defense                                           Time % Phy DF OF 
 1 Brayden Point            Jake Sanderson                                    60     0   1  4  
 2 Mark Stone               Mikhail Sergachev                                 40     0   1  4  

Penalty Kill 4 Players Forward 
   Center                   Wing                     Time % Phy DF OF 
 1 Vincent Trocheck         Joona Koppanen           50     2   3  0  
 2 Isac Lundestrom          Logan O'Connor           50     1   4  0  

Penalty Kill 4 Players Defense
   Defense                  Defense                  Time % Phy DF OF 
 1 Jaccob Slavin            Connor Clifton           50     1   4  0  
 2 Jake Sanderson           Artem Zub                50     1   4  0  

Penalty Kill - 3 Players Forward 
   Forward                                           Time % Phy DF OF 
 1 Vincent Trocheck                                  50     0   5  0  
 2 Isac Lundestrom                                   50     0   5  0  

Penalty Kill - 3 Players Defense
   Defense                  Defense                  Time % Phy DF OF 
 1 Jaccob Slavin            Connor Clifton           50     0   5  0  
 2 Jake Sanderson           Artem Zub                50     0   5  0  

4 vs 4 Forward 
   Center                   Wing                     Time % Phy DF OF 
 1 Jack Eichel              Brayden Point            50     0   2  3  
 2 Robert Thomas            Jake Guentzel            50     0   2  3  

4 vs 4 Defense
   Defense                  Defense                  Time % Phy DF OF 
 1 Jake Sanderson           Mikhail Sergachev        50     0   3  2  
 2 Artem Zub                Jaccob Slavin            50     0   3  2  

Last Minutes Offensive
   Center                   Left Wing                Right Wing               Defense                  Defense                  
   Robert Thomas            Jack Eichel              Jake Guentzel            Brayden Point            Mikhail Sergachev        

Last Minutes Defensive
   Center                   Left Wing                Right Wing               Defense                  Defense                  
   Vincent Trocheck         Isac Lundestrom          Logan O'Connor           Jake Sanderson           Jaccob Slavin            

Goaltenders
Starting : Connor Hellebuyck        
Backup : Scott Wedgewood          

Extra Forwards
Normal : Brandon Hagel, Jake Guentzel, Alex Tuch - PP : Vincent Trocheck, Brayden Point - PK : Jack Eichel
Extra Defensemen
Normal : Jake Sanderson, Mikhail Sergachev, Jaccob Slavin - PP : Jake Sanderson - PK : Jaccob Slavin, Jake Sanderson
Penalty Shots
Vincent Trocheck, Jack Eichel, Brayden Point, Jake Guentzel, Brandon Hagel

Scratches
Luke Glendening (Healthy), Yanni Gourde (Healthy), Colton Parayko (Healthy)

Colorado Rockies

5 vs 5 Forward 
   Center                   Left Wing                Right Wing               Time % Phy DF OF 
 1 Tim Stutzle              Kyle Connor              Nikita Kucherov          25     1   2  2  
 2 Kyle Palmieri            Jesper Bratt             David Pastrnak           25     1   2  2  
 3 Nick Schmaltz            Michael Bunting          Kevin Hayes              25     1   2  2  
 4 Evgeny Kuznetsov         Nick Bonino              Philipp Kurashev         25     1   2  2  

5 vs 5 Defense 
   Defense                  Defense                                           Time % Phy DF OF 
 1 Victor Hedman            Martin Fehervary                                  35     1   2  2  
 2 Timothy Liljegren        Andrew Peeke                                      30     1   2  2  
 3 Vince Dunn               Zach Whitecloud                                   30     1   2  2  
 4 Victor Hedman            Martin Fehervary                                  5      1   2  2  

PowerPlay Forward 
   Center                   Left Wing                Right Wing               Time % Phy DF OF 
 1 Tim Stutzle              Kyle Connor              Nikita Kucherov          50     1   2  2  
 2 Kyle Palmieri            Jesper Bratt             David Pastrnak           50     1   2  2  

PowerPlay Defense
   Defense                  Defense                                           Time % Phy DF OF 
 1 Victor Hedman            Martin Fehervary                                  50     1   2  2  
 2 Timothy Liljegren        Andrew Peeke                                      50     1   2  2  

Penalty Kill 4 Players Forward 
   Center                   Wing                     Time % Phy DF OF 
 1 Nikita Kucherov          David Pastrnak           50     1   2  2  
 2 Tim Stutzle              Kyle Connor              50     1   2  2  

Penalty Kill 4 Players Defense
   Defense                  Defense                  Time % Phy DF OF 
 1 Victor Hedman            Martin Fehervary         50     1   2  2  
 2 Timothy Liljegren        Andrew Peeke             50     1   2  2  

Penalty Kill - 3 Players Forward 
   Forward                                           Time % Phy DF OF 
 1 Nikita Kucherov                                   50     1   2  2  
 2 David Pastrnak                                    50     1   2  2  

Penalty Kill - 3 Players Defense
   Defense                  Defense                  Time % Phy DF OF 
 1 Victor Hedman            Martin Fehervary         50     1   2  2  
 2 Timothy Liljegren        Andrew Peeke             50     1   2  2  

4 vs 4 Forward 
   Center                   Wing                     Time % Phy DF OF 
 1 Nikita Kucherov          David Pastrnak           50     1   2  2  
 2 Tim Stutzle              Kyle Connor              50     1   2  2  

4 vs 4 Defense
   Defense                  Defense                  Time % Phy DF OF 
 1 Victor Hedman            Martin Fehervary         50     1   2  2  
 2 Timothy Liljegren        Andrew Peeke             50     1   2  2  

Last Minutes Offensive
   Center                   Left Wing                Right Wing               Defense                  Defense                  
   Tim Stutzle              Kyle Connor              Nikita Kucherov          Victor Hedman            Martin Fehervary         

Last Minutes Defensive
   Center                   Left Wing                Right Wing               Defense                  Defense                  
   Tim Stutzle              Kyle Connor              Nikita Kucherov          Victor Hedman            Martin Fehervary         

Goaltenders
Starting : Joey Daccord             
Backup : Arvid Soderblom          

Extra Forwards
Normal : Evgeny Kuznetsov, Nick Schmaltz, Michael Bunting - PP : Evgeny Kuznetsov, Nick Schmaltz - PK : Michael Bunting
Extra Defensemen
Normal : Vince Dunn, Zach Whitecloud, Timothy Liljegren - PP : Vince Dunn - PK : Zach Whitecloud, Timothy Liljegren
Penalty Shots
Nikita Kucherov, David Pastrnak, Tim Stutzle, Kyle Connor, Jesper Bratt

Scratches
Quinn Hughes (Healthy), Daniil Tarasov (Healthy)

% Time on Ice - St.Louis Blues

Lines # - Real PCT - Wanted PCT - Time Play
Normal Forward
1 - 29% - 35% - 11:04
2 - 29% - 35% - 11:13
3 - 22% - 25% - 8:29
4 - 20% - 5% - 7:32
Normal Defense
1 - 45% - 45% - 17:04
2 - 33% - 35% - 12:39
3 - 22% - 20% - 8:35
4 - 0% - 0% - 0:00
PP Forward
1 - 58% - 60% - 9:28
2 - 42% - 40% - 6:56
PP Defense
1 - 62% - 60% - 10:11
2 - 38% - 40% - 6:13
PK Forward
1 - 49% - 50% - 2:16
2 - 51% - 50% - 2:23
PK Defense
1 - 52% - 50% - 2:24
2 - 48% - 50% - 2:15
PK3 Forward
1 - 92% - 50% - 0:36
2 - 8% - 50% - 0:03
PK3 Defense
1 - 0% - 50% - 0:00
2 - 100% - 50% - 0:39
44 Forward
1 - 0% - 50%
2 - 0% - 50%
44 Defense
1 - 0% - 50%
2 - 0% - 50%
Last Minute Offensive  - 0:00
Last Minute Defensive  - 0:00
Total
Forward - 60:00
Defense - 60:00

% Time on Ice - Colorado Rockies

Lines # - Real PCT - Wanted PCT - Time Play
Normal Forward
1 - 24% - 25% - 9:11
2 - 27% - 25% - 10:17
3 - 25% - 25% - 9:39
4 - 24% - 25% - 9:11
Normal Defense
1 - 37% - 35% - 14:21
2 - 29% - 30% - 10:58
3 - 31% - 30% - 12:02
4 - 2% - 5% - 0:57
PP Forward
1 - 48% - 50% - 2:32
2 - 52% - 50% - 2:46
PP Defense
1 - 51% - 50% - 2:42
2 - 49% - 50% - 2:36
PK Forward
1 - 54% - 50% - 8:36
2 - 46% - 50% - 7:14
PK Defense
1 - 52% - 50% - 8:15
2 - 48% - 50% - 7:35
PK3 Forward
1 - 56% - 50% - 0:19
2 - 44% - 50% - 0:15
PK3 Defense
1 - 100% - 50% - 0:34
2 - 0% - 50% - 0:00
44 Forward
1 - 0% - 50%
2 - 0% - 50%
44 Defense
1 - 0% - 50%
2 - 0% - 50%
Last Minute Offensive  - 0:00
Last Minute Defensive  - 0:00
Total
Forward - 60:00
Defense - 60:00

Play-by-Play

1st period


0:01 of 1st period - Tim Stutzle wins face-off versus Robert Thomas in neutral zone.
0:10 of 1st period - Wrist shot by Kyle Connor.
0:10 of 1st period - Shot Blocked by Mikhail Sergachev.
0:26 of 1st period - Kyle Palmieri is hit by Jaccob Slavin and loses puck.
0:37 of 1st period - Snap shot by David Pastrnak.
0:37 of 1st period - Stopped by Connor Hellebuyck without a rebound.
0:38 of 1st period - Vincent Trocheck wins face-off versus Nick Schmaltz in St.Louis Blues zone.
0:47 of 1st period - Snap shot by Vincent Trocheck.
0:47 of 1st period - Goal by Vincent Trocheck - St.Louis Blues : 1 - Colorado Rockies : 0.
0:48 of 1st period - Isac Lundestrom wins face-off versus Evgeny Kuznetsov in neutral zone.
1:12 of 1st period - Alex Tuch is hit by Michael Bunting.
1:32 of 1st period - Wrist shot by Brayden Point.
1:32 of 1st period - Stopped by Joey Daccord with a rebound.
1:44 of 1st period - Snap shot by Brayden Point.
1:44 of 1st period - Shot Misses the Net.
3:26 of 1st period - Jaccob Slavin is hit by Nikita Kucherov and loses puck.
3:37 of 1st period - Elias Pettersson is hit by Victor Hedman.
3:51 of 1st period - Artem Zub is hit by Philipp Kurashev and loses puck.
4:04 of 1st period - Slapshot by David Pastrnak.
4:04 of 1st period - Stopped by Connor Hellebuyck with a rebound.
4:12 of 1st period - Wrist shot by David Pastrnak.
4:12 of 1st period - Stopped by Connor Hellebuyck without a rebound.
4:13 of 1st period - Robert Thomas wins face-off versus Nick Schmaltz in St.Louis Blues zone.
4:20 of 1st period - Snap shot by Jack Eichel.
4:20 of 1st period - Stopped by Joey Daccord without a rebound.
4:21 of 1st period - Robert Thomas wins face-off versus Nick Schmaltz in Colorado Rockies zone.
4:39 of 1st period - Snap shot by Nick Schmaltz.
4:39 of 1st period - Stopped by Connor Hellebuyck with a rebound.
4:47 of 1st period - Snap shot by Kevin Hayes.
4:47 of 1st period - Shot Blocked by Connor Clifton.
4:49 of 1st period - Slapshot by Vince Dunn.
4:49 of 1st period - Shot Blocked by Connor Clifton.
4:59 of 1st period - Wrist shot by Jake Guentzel.
4:59 of 1st period - Shot Misses the Net.
5:11 of 1st period - Wrist shot by Michael Bunting.
5:11 of 1st period - Shot Misses the Net.
5:13 of 1st period - Slapshot by Zach Whitecloud.
5:13 of 1st period - Shot Blocked by Adam Pelech.
5:23 of 1st period - Snap shot by Nick Schmaltz.
5:23 of 1st period - Shot Misses the Net.
5:45 of 1st period - Snap shot by Michael Bunting.
5:45 of 1st period - Shot Misses the Net.
5:47 of 1st period - Slapshot by Zach Whitecloud.
5:47 of 1st period - Stopped by Connor Hellebuyck without a rebound.
5:48 of 1st period - Brandon Hagel wins face-off versus Evgeny Kuznetsov in St.Louis Blues zone.
5:57 of 1st period - Slapshot by Brayden Point.
5:57 of 1st period - Shot Misses the Net.
6:39 of 1st period - Slapshot by Mikhail Sergachev.
6:39 of 1st period - Shot Blocked by Kyle Palmieri.
6:41 of 1st period - Snap shot by Mikhail Sergachev.
6:41 of 1st period - Stopped by Joey Daccord with a rebound.
6:43 of 1st period - Backhand shot by Jaccob Slavin.
6:43 of 1st period - Stopped by Joey Daccord without a rebound.
6:44 of 1st period - Brayden Point wins face-off versus Evgeny Kuznetsov in Colorado Rockies zone.
7:15 of 1st period - Snap shot by Tim Stutzle.
7:15 of 1st period - Stopped by Connor Hellebuyck with a rebound.
8:13 of 1st period - Zach Whitecloud is hit by Jack Eichel and loses puck.
8:45 of 1st period - Icing by Alex Tuch.
8:46 of 1st period - Isac Lundestrom wins face-off versus Kyle Palmieri in St.Louis Blues zone.
9:21 of 1st period - Wrist shot by Brandon Hagel.
9:21 of 1st period - Stopped by Joey Daccord with a rebound.
9:23 of 1st period - Slapshot by Mikhail Sergachev.
9:23 of 1st period - Shot Misses the Net.
9:25 of 1st period - Slapshot by Mikhail Sergachev.
9:25 of 1st period - Shot Misses the Net.
9:27 of 1st period - Slapshot by Jaccob Slavin.
9:27 of 1st period - Shot Blocked by Timothy Liljegren.
9:33 of 1st period - Minor Penalty to Evgeny Kuznetsov for High sticking.
9:34 of 1st period - Robert Thomas wins face-off versus Nikita Kucherov in Colorado Rockies zone.
10:07 of 1st period - Wrist shot by Brandon Hagel.
10:07 of 1st period - Shot Blocked by Victor Hedman.
11:33 of 1st period - Penalty to Evgeny Kuznetsov is over, Evgeny Kuznetsov is back on ice.
11:44 of 1st period - Snap shot by Logan O'Connor.
11:44 of 1st period - Stopped by Joey Daccord without a rebound.
11:45 of 1st period - Isac Lundestrom wins face-off versus Evgeny Kuznetsov in Colorado Rockies zone.
11:56 of 1st period - Vince Dunn is hit by Connor Clifton and loses puck.
12:11 of 1st period - Snap shot by Logan O'Connor.
12:11 of 1st period - Shot Misses the Net.
12:13 of 1st period - Slapshot by Connor Clifton.
12:13 of 1st period - Shot Misses the Net.
12:15 of 1st period - Slapshot by Adam Pelech.
12:15 of 1st period - Stopped by Joey Daccord with a rebound.
12:17 of 1st period - Snap shot by Joona Koppanen.
12:17 of 1st period - Shot Blocked by Zach Whitecloud.
12:59 of 1st period - Snap shot by Logan O'Connor.
12:59 of 1st period - Shot Blocked by Zach Whitecloud.
13:01 of 1st period - Slapshot by Adam Pelech.
13:01 of 1st period - Deflect By Nick Schmaltz.
13:01 of 1st period - Stopped by Joey Daccord without a rebound.
13:02 of 1st period - Kyle Palmieri wins face-off versus Brayden Point in Colorado Rockies zone.
13:39 of 1st period - Wrist shot by Nikita Kucherov.
13:39 of 1st period - Stopped by Connor Hellebuyck with a rebound.
13:46 of 1st period - Icing by Artem Zub.
13:47 of 1st period - Vincent Trocheck wins face-off versus Evgeny Kuznetsov in St.Louis Blues zone.
13:56 of 1st period - Wrist shot by Elias Pettersson.
13:56 of 1st period - Deflect By Alex Tuch.
13:56 of 1st period - Stopped by Joey Daccord with a rebound.
14:57 of 1st period - Wrist shot by Brandon Hagel.
14:57 of 1st period - Goal by Brandon Hagel - St.Louis Blues : 2 - Colorado Rockies : 0.
14:58 of 1st period - Kyle Palmieri wins face-off versus Mark Stone in neutral zone.
15:00 of 1st period - Minor Penalty to David Pastrnak for Tripping.
15:01 of 1st period - Robert Thomas wins face-off versus Nikita Kucherov in Colorado Rockies zone.
15:27 of 1st period - Kyle Connor is hit by Vincent Trocheck and loses puck.
15:38 of 1st period - Wrist shot by Tim Stutzle.
15:38 of 1st period - Stopped by Connor Hellebuyck with a rebound.
15:47 of 1st period - Icing by Brandon Hagel.
15:48 of 1st period - Alex Tuch wins face-off versus Nikita Kucherov in St.Louis Blues zone.
15:58 of 1st period - Slapshot by Brandon Hagel.
15:58 of 1st period - Shot Blocked by Martin Fehervary.
16:02 of 1st period - Snap shot by Brandon Hagel.
16:02 of 1st period - Shot Blocked by Victor Hedman.
16:04 of 1st period - Slapshot by Mark Stone.
16:04 of 1st period - Stopped by Joey Daccord without a rebound.
16:05 of 1st period - Robert Thomas wins face-off versus Tim Stutzle in Colorado Rockies zone.
17:00 of 1st period - Penalty to David Pastrnak is over, David Pastrnak is back on ice.
17:20 of 1st period - Snap shot by Philipp Kurashev.
17:20 of 1st period - Stopped by Connor Hellebuyck with a rebound.
17:22 of 1st period - Snap shot by Andrew Peeke.
17:22 of 1st period - Stopped by Connor Hellebuyck without a rebound.
17:23 of 1st period - Vincent Trocheck wins face-off versus Kyle Palmieri in St.Louis Blues zone.
17:47 of 1st period - Icing by Jake Sanderson.
17:48 of 1st period - Tim Stutzle wins face-off versus Vincent Trocheck in St.Louis Blues zone.
17:49 of 1st period - Snap shot by Nikita Kucherov.
17:49 of 1st period - Stopped by Connor Hellebuyck without a rebound.
17:50 of 1st period - Brayden Point wins face-off versus Tim Stutzle in St.Louis Blues zone.
18:00 of 1st period - Slapshot by Brandon Hagel.
18:00 of 1st period - Stopped by Joey Daccord without a rebound.
18:01 of 1st period - Brayden Point wins face-off versus Tim Stutzle in Colorado Rockies zone.
18:18 of 1st period - Snap shot by Brayden Point.
18:18 of 1st period - Shot Misses the Net.
19:26 of 1st period - Wrist shot by Nick Schmaltz.
19:26 of 1st period - Deflect By Kevin Hayes.
19:26 of 1st period - Shot Blocked by Isac Lundestrom.
19:26 of 1st period - Puck is out of play.
19:27 of 1st period - Nick Schmaltz wins face-off versus Brayden Point in St.Louis Blues zone.
19:40 of 1st period - Snap shot by Michael Bunting.
19:40 of 1st period - Stopped by Connor Hellebuyck without a rebound.
19:41 of 1st period - Robert Thomas wins face-off versus Kyle Connor in St.Louis Blues zone.
19:46 of 1st period - Nikita Kucherov is hit by Jack Eichel and loses puck.
Goals for this period are 2 for St.Louis Blues vs 0 for Colorado Rockies.
Shots for this period are 13 for St.Louis Blues vs 12 for Colorado Rockies.

2nd period


0:01 of 2nd period - Brayden Point wins face-off versus Evgeny Kuznetsov in neutral zone.
0:24 of 2nd period - Brayden Point is hit by Kyle Connor and loses puck.
0:28 of 2nd period - Icing by Jaccob Slavin.
0:29 of 2nd period - Brayden Point wins face-off versus Kyle Connor in St.Louis Blues zone.
0:34 of 2nd period - Kyle Connor is hit by Artem Zub and loses puck.
0:45 of 2nd period - Slapshot by Brayden Point.
0:45 of 2nd period - Shot Misses the Net.
0:53 of 2nd period - Wrist shot by Brandon Hagel.
0:53 of 2nd period - Stopped by Joey Daccord with a rebound.
0:55 of 2nd period - Slapshot by Mikhail Sergachev.
0:55 of 2nd period - Shot Blocked by Nikita Kucherov.
1:14 of 2nd period - Minor Penalty to Tim Stutzle for Cross-checking.
1:15 of 2nd period - Jack Eichel wins face-off versus Nikita Kucherov in Colorado Rockies zone.
2:15 of 2nd period - Wrist shot by Vincent Trocheck.
2:15 of 2nd period - Stopped by Joey Daccord without a rebound.
2:16 of 2nd period - Robert Thomas wins face-off versus Nikita Kucherov in Colorado Rockies zone.
2:39 of 2nd period - Minor Penalty to Victor Hedman for Cross-checking.
2:40 of 2nd period - David Pastrnak wins face-off versus Robert Thomas in Colorado Rockies zone.
3:07 of 2nd period - Vincent Trocheck is hit by David Pastrnak and loses puck.
3:14 of 2nd period - Penalty to Tim Stutzle is over, Tim Stutzle is back on ice.
4:13 of 2nd period - Andrew Peeke is hit by Vincent Trocheck and loses puck.
4:39 of 2nd period - Penalty to Victor Hedman is over, Victor Hedman is back on ice.
4:59 of 2nd period - Snap shot by Nikita Kucherov.
4:59 of 2nd period - Shot Misses the Net.
6:15 of 2nd period - Adam Pelech is hit by Philipp Kurashev and loses puck.
6:30 of 2nd period - Slapshot by Nick Schmaltz.
6:30 of 2nd period - Shot Blocked by Jack Eichel.
6:56 of 2nd period - Philipp Kurashev is hit by Elias Pettersson and loses puck.
7:09 of 2nd period - Wrist shot by Nick Schmaltz.
7:09 of 2nd period - Shot Misses the Net.
7:11 of 2nd period - Slapshot by Vince Dunn.
7:11 of 2nd period - Stopped by Connor Hellebuyck without a rebound.
7:12 of 2nd period - Robert Thomas wins face-off versus Nick Schmaltz in St.Louis Blues zone.
8:20 of 2nd period - Adam Pelech is hit by Tim Stutzle and loses puck.
8:31 of 2nd period - Minor Penalty to Tim Stutzle for Tripping.
8:32 of 2nd period - Nikita Kucherov wins face-off versus Robert Thomas in Colorado Rockies zone.
10:27 of 2nd period - Robert Thomas is hit by Nick Schmaltz and loses puck.
10:31 of 2nd period - Penalty to Tim Stutzle is over, Tim Stutzle is back on ice.
10:35 of 2nd period - Icing by Brayden Point.
10:36 of 2nd period - Evgeny Kuznetsov wins face-off versus Robert Thomas in St.Louis Blues zone.
10:37 of 2nd period - Slapshot by Philipp Kurashev.
10:37 of 2nd period - Stopped by Connor Hellebuyck without a rebound.
10:38 of 2nd period - Vincent Trocheck wins face-off versus Evgeny Kuznetsov in St.Louis Blues zone.
11:33 of 2nd period - Wrist shot by Tim Stutzle.
11:33 of 2nd period - Stopped by Connor Hellebuyck with a rebound.
11:35 of 2nd period - Snap shot by Kyle Connor.
11:35 of 2nd period - Shot Blocked by Jaccob Slavin.
11:37 of 2nd period - Snap shot by Kyle Connor.
11:37 of 2nd period - Shot Misses the Net.
11:53 of 2nd period - Off-side.
11:54 of 2nd period - Robert Thomas wins face-off versus Kyle Palmieri in neutral zone.
11:59 of 2nd period - Snap shot by Jack Eichel.
11:59 of 2nd period - Shot Blocked by Kyle Palmieri.
12:31 of 2nd period - Wrist shot by Brayden Point.
12:31 of 2nd period - Shot Blocked by Nick Schmaltz.
12:33 of 2nd period - Snap shot by Mark Stone.
12:33 of 2nd period - Shot Misses the Net.
12:55 of 2nd period - Snap shot by Philipp Kurashev.
12:55 of 2nd period - Stopped by Connor Hellebuyck without a rebound.
12:56 of 2nd period - Robert Thomas wins face-off versus Kyle Palmieri in St.Louis Blues zone.
13:46 of 2nd period - Wrist shot by Tim Stutzle.
13:46 of 2nd period - Shot Blocked by Jaccob Slavin.
13:48 of 2nd period - Wrist shot by Nikita Kucherov.
13:48 of 2nd period - Stopped by Connor Hellebuyck without a rebound.
13:49 of 2nd period - Robert Thomas wins face-off versus Tim Stutzle in St.Louis Blues zone.
14:12 of 2nd period - Minor Penalty to Tim Stutzle for Interference.
14:13 of 2nd period - Robert Thomas wins face-off versus Nikita Kucherov in Colorado Rockies zone.
16:12 of 2nd period - Penalty to Tim Stutzle is over, Tim Stutzle is back on ice.
16:20 of 2nd period - Backhand shot by Victor Hedman.
16:20 of 2nd period - Shot Blocked by Logan O'Connor.
16:34 of 2nd period - Minor Penalty to Logan O'Connor for Tripping.
16:35 of 2nd period - Tim Stutzle wins face-off versus Vincent Trocheck in St.Louis Blues zone.
17:54 of 2nd period - Minor Penalty to Vincent Trocheck for Interference.
17:55 of 2nd period - Jack Eichel wins face-off versus Tim Stutzle in St.Louis Blues zone.
18:30 of 2nd period - Slapshot by David Pastrnak.
18:30 of 2nd period - Shot Hit the Post.
18:34 of 2nd period - Penalty to Logan O'Connor is over, Logan O'Connor is back on ice.
18:46 of 2nd period - Slapshot by Jake Sanderson.
18:46 of 2nd period - Shot Misses the Net.
19:24 of 2nd period - Timothy Liljegren is hit by Jaccob Slavin and loses puck.
19:54 of 2nd period - Penalty to Vincent Trocheck is over, Vincent Trocheck is back on ice.
Goals for this period are 0 for St.Louis Blues vs 0 for Colorado Rockies.
Shots for this period are 2 for St.Louis Blues vs 5 for Colorado Rockies.

3rd period


0:01 of 3rd period - Kyle Palmieri wins face-off versus Robert Thomas in neutral zone.
0:04 of 3rd period - Snap shot by David Pastrnak.
0:04 of 3rd period - Stopped by Connor Hellebuyck with a rebound.
0:15 of 3rd period - Wrist shot by Jesper Bratt.
0:15 of 3rd period - Shot Misses the Net.
0:27 of 3rd period - Jaccob Slavin is hit by Kevin Hayes and loses puck.
0:34 of 3rd period - Snap shot by Michael Bunting.
0:34 of 3rd period - Shot Blocked by Mikhail Sergachev.
0:55 of 3rd period - Minor Penalty to Evgeny Kuznetsov for Roughing.
0:56 of 3rd period - Robert Thomas wins face-off versus David Pastrnak in Colorado Rockies zone.
0:58 of 3rd period - Snap shot by Robert Thomas.
0:58 of 3rd period - Stopped by Joey Daccord with a rebound.
1:00 of 3rd period - Snap shot by Jack Eichel.
1:00 of 3rd period - Goal by Jack Eichel - St.Louis Blues : 3 - Colorado Rockies : 0.
1:01 of 3rd period - Jake Guentzel wins face-off versus Kyle Palmieri in neutral zone.
1:48 of 3rd period - Brandon Hagel is hit by Victor Hedman and loses puck.
1:57 of 3rd period - Wrist shot by Nick Schmaltz.
1:57 of 3rd period - Shot Blocked by Jake Sanderson.
1:59 of 3rd period - Snap shot by Kevin Hayes.
1:59 of 3rd period - Goal by Kevin Hayes - St.Louis Blues : 3 - Colorado Rockies : 1.
2:00 of 3rd period - Robert Thomas wins face-off versus Kyle Palmieri in neutral zone.
2:17 of 3rd period - Slapshot by Jack Eichel.
2:17 of 3rd period - Deflect By David Pastrnak.
2:17 of 3rd period - Stopped by Joey Daccord with a rebound.
2:24 of 3rd period - Icing by Vince Dunn.
2:25 of 3rd period - Kyle Palmieri wins face-off versus Brayden Point in Colorado Rockies zone.
3:00 of 3rd period - Minor Penalty to Artem Zub for Cross-checking.
3:01 of 3rd period - Isac Lundestrom wins face-off versus David Pastrnak in St.Louis Blues zone.
3:17 of 3rd period - Icing by Jesper Bratt.
3:18 of 3rd period - Isac Lundestrom wins face-off versus Kyle Palmieri in Colorado Rockies zone.
3:25 of 3rd period - Slapshot by Jake Sanderson.
3:25 of 3rd period - Deflect By Logan O'Connor.
3:25 of 3rd period - Shot Misses the Net.
3:25 of 3rd period - Puck is out of play.
3:26 of 3rd period - Isac Lundestrom wins face-off versus Tim Stutzle in Colorado Rockies zone.
3:27 of 3rd period - Slapshot by Jake Sanderson.
3:27 of 3rd period - Stopped by Joey Daccord without a rebound.
3:28 of 3rd period - Tim Stutzle wins face-off versus Isac Lundestrom in Colorado Rockies zone.
3:55 of 3rd period - Snap shot by Isac Lundestrom.
3:55 of 3rd period - Stopped by Joey Daccord with a rebound.
4:29 of 3rd period - Mikhail Sergachev is hit by Kyle Palmieri and loses puck.
4:51 of 3rd period - Icing by Martin Fehervary.
4:52 of 3rd period - Logan O'Connor wins face-off versus Kyle Palmieri in Colorado Rockies zone.
5:00 of 3rd period - Penalty to Artem Zub is over, Artem Zub is back on ice.
5:10 of 3rd period - Icing by Connor Clifton.
5:11 of 3rd period - Evgeny Kuznetsov wins face-off versus Vincent Trocheck in St.Louis Blues zone.
6:00 of 3rd period - Snap shot by Tim Stutzle.
6:00 of 3rd period - Shot Misses the Net.
6:11 of 3rd period - Major / Game Misconduct Penalty to Nikita Kucherov for Abuse of Officials.
6:11 of 3rd period - Nikita Kucherov is ejected from game.
6:12 of 3rd period - Robert Thomas wins face-off versus Michael Bunting in Colorado Rockies zone.
7:05 of 3rd period - Kyle Connor is hit by Robert Thomas and loses puck.
8:53 of 3rd period - Jake Guentzel is hit by Andrew Peeke and loses puck.
11:11 of 3rd period - Penalty to Nikita Kucherov is over, Jesper Bratt is send on ice.
11:21 of 3rd period - Logan O'Connor is hit by Zach Whitecloud.
11:37 of 3rd period - Elias Pettersson is hit by Zach Whitecloud and loses puck.
12:58 of 3rd period - Logan O'Connor is hit by Kyle Connor and loses puck.
13:12 of 3rd period - Wrist shot by Logan O'Connor.
13:12 of 3rd period - Shot Misses the Net.
13:47 of 3rd period - Jack Eichel is hit by Victor Hedman and loses puck.
13:58 of 3rd period - Kyle Palmieri is hit by Brayden Point and loses puck.
14:21 of 3rd period - Jake Guentzel is hit by Zach Whitecloud and loses puck.
15:08 of 3rd period - Snap shot by Robert Thomas.
15:08 of 3rd period - Stopped by Joey Daccord without a rebound.
15:09 of 3rd period - Robert Thomas wins face-off versus Kyle Palmieri in Colorado Rockies zone.
15:12 of 3rd period - Snap shot by Robert Thomas.
15:12 of 3rd period - Goal by Robert Thomas - St.Louis Blues : 4 - Colorado Rockies : 1.
15:13 of 3rd period - Robert Thomas wins face-off versus Kyle Palmieri in neutral zone.
15:20 of 3rd period - Snap shot by Robert Thomas.
15:20 of 3rd period - Shot Blocked by Kyle Palmieri.
16:06 of 3rd period - Jake Sanderson is hit by Martin Fehervary and loses puck.
16:24 of 3rd period - Victor Hedman is hit by Artem Zub and loses puck.
16:53 of 3rd period - Snap shot by Nick Schmaltz.
16:53 of 3rd period - Shot Misses the Net.
17:01 of 3rd period - Vince Dunn is hit by Brayden Point and loses puck.
17:19 of 3rd period - Snap shot by Vincent Trocheck.
17:19 of 3rd period - Deflect By Alex Tuch.
17:19 of 3rd period - Shot Misses the Net.
17:19 of 3rd period - Puck is out of play.
17:20 of 3rd period - Kyle Palmieri wins face-off versus Jack Eichel in Colorado Rockies zone.
17:20 of 3rd period - Kyle Palmieri is hit by Mikhail Sergachev.
17:46 of 3rd period - Jesper Bratt is hit by Elias Pettersson and loses puck.
17:51 of 3rd period - Slapshot by Elias Pettersson.
17:51 of 3rd period - Stopped by Joey Daccord with a rebound.
18:07 of 3rd period - Wrist shot by David Pastrnak.
18:07 of 3rd period - Shot Misses the Net.
18:09 of 3rd period - Slapshot by Vince Dunn.
18:09 of 3rd period - Shot Misses the Net.
18:11 of 3rd period - Wrist shot by David Pastrnak.
18:11 of 3rd period - Shot Misses the Net.
18:13 of 3rd period - Snap shot by Jesper Bratt.
18:13 of 3rd period - Stopped by Connor Hellebuyck with a rebound.
18:45 of 3rd period - Jake Sanderson is hit by Jesper Bratt.
18:49 of 3rd period - Slapshot by Alex Tuch.
18:49 of 3rd period - Stopped by Joey Daccord with a rebound.
19:03 of 3rd period - Slapshot by Vincent Trocheck.
19:03 of 3rd period - Deflect By Elias Pettersson.
19:03 of 3rd period - Shot Blocked by Kyle Palmieri.
19:03 of 3rd period - Puck is out of play.
19:04 of 3rd period - Nick Schmaltz wins face-off versus Brayden Point in Colorado Rockies zone.
19:15 of 3rd period - Slapshot by Victor Hedman.
19:15 of 3rd period - Stopped by Connor Hellebuyck without a rebound.
19:16 of 3rd period - Robert Thomas wins face-off versus Evgeny Kuznetsov in St.Louis Blues zone.
19:23 of 3rd period - Wrist shot by Jack Eichel.
19:23 of 3rd period - Shot Misses the Net.
19:28 of 3rd period - Off-side.
19:29 of 3rd period - Brayden Point wins face-off versus Nick Schmaltz in neutral zone.
19:36 of 3rd period - Snap shot by Mark Stone.
19:36 of 3rd period - Stopped by Joey Daccord with a rebound.
19:56 of 3rd period - Nick Schmaltz is hit by Jake Guentzel.
Goals for this period are 2 for St.Louis Blues vs 1 for Colorado Rockies.
Shots for this period are 10 for St.Louis Blues vs 4 for Colorado Rockies.